[Event "Live Chess"]
[Site "Chess.com"]
[Date "2023.05.20"]
[Round "-"]
[White "Conradical12"]
[Black "wadsy27"]
[Result "0-1"]
[WhiteElo "1582"]
[BlackElo "2555"]
[TimeControl "300"]
[EndTime "14:12:47 PDT"]
[Termination "wadsy27 won by resignation"]

1. e4 e6 2. d4 d5 3. exd5 exd5 4.
Nf3 Nc6 5. Be3 Bg4 6. Bd3 Qd7 7. Nbd2 Bd6 8. c3 Nge7 9. Qc2 Bh5 10. O-O-O Bg6 11. Rde1 O-O-O 12. h3 Bxd3 13. Qxd3 Qf5 14. Qe2 Ng6 15. g4 Qd7 16. Ne5 Ngxe5 17. dxe5 Bxe5 18. f4 Bd6 19. Nb3 Rhe8 20. Qb5 a6 21. Qa4 Re4 22. Nd4 Nxd4 23. Qxd7+ Kxd7 24. Bxd4 Bxf4+ 25. Kc2 Rxe1 26. Rxe1 f6 27. Re2 Re8 28. Rf2 Be3 29. Re2 Bxd4 30.
Rxe8 Kxe8 31. cxd4 Kf7 32. Kd3 Kg6 33. Ke3 h5 34. Kf4 hxg4 35. hxg4 Kf7 36. Kf5 g6+ 37. Kf4 Ke6 38. g5 fxg5+ 39. Kxg5 Kf7 40. Kf4 Kf6 41. Kg4 g5 42. Kf3 Kf5 43. b4 b5 44. a3 c6 45. Ke3 g4 46. Kf2 Ke4 0-1

[Event "Live Chess"]
[Site "Chess.com"]
[Date "2023.05.20"]
[Round "-"]
[White "Ed_Knox"]
[Black "JohanKjeldahl"]
[Result "0-1"]
[WhiteElo "1489"]
[BlackElo "1852"]
[TimeControl "300"]
[EndTime "14:12:58 PDT"]
[Termination "JohanKjeldahl won by checkmate"]

1. d4 Nf6 2. Bf4 d6 3. e3 g6 4. Nf3 Bg7 5. Qd2 O-O 6. Nc3 c6 7. O-O-O Nbd7 8. e4 a6 9. Bh6 b5 10. Bd3 b4 11. Na4 Qa5 12. b3 c5 13. h4 cxd4 14. Nxd4 Ne5 15. Bxg7 Kxg7 16. f4 Nxd3+ 17. Qxd3 Bd7 18. e5 dxe5 19. fxe5 Nd5 20. e6 Bxa4 21.
exf7 Bd7 22. Nf5+ Bxf5 23. Qxd5 Qxd5 24. Rxd5 Rxf7 25. Rhd1 Rc8 26. R1d2 Be4 27. Rg5 Rf1+ 28. Kb2 Rf5 29. Rg4 Bc6 30. Re2 Rf7 31. Re6 Bb5 32. h5 Rc6 33. Re5 Kf6 34. Re3 e5 35. Rf3+ Kg7 36.
Rh3 Rf2 37. hxg6 Rfxc2+ 38. Kb1 Rc1+ 39. Kb2 R6c2# 0-1

[Event "Live Chess"]
[Site "Chess.com"]
[Date "2023.05.20"]
[Round "-"]
[White "bristolunichess"]
[Black "SupremeTactician"]
[Result "0-1"]
[WhiteElo "1817"]
[BlackElo "2364"]
[TimeControl "300"]
[EndTime "14:13:02 PDT"]
[Termination "SupremeTactician won by resignation"]

1. e3 e6 2. d4 b6 3. Be2 Bb7 4. Bf3 Bxf3 5. Nxf3 c6 6. O-O d5 7. c3 Bd6 8. Qd3 Ne7 9. g3 Ng6 10. Bd2 h5 11. h4 Qf6 12. Kg2 Nd7 13. e4 e5 14. exd5 cxd5 15. dxe5 Ndxe5 16. Nxe5 Nxe5 17. Qxd5 O-O 18. Bf4 Rad8 19. Qe4 Rfe8 20. Qc2 Ng4 21. Bxd6 Rxd6 22. Na3 Rde6 23. Rad1 Re2 24. Rd2 Ne3+ 25. Kg1 Nxc2 26. Rxc2 Rxc2 27. Nxc2 Re2 28. Nd4 Rxb2 29. Kg2 Rxa2 0-1

[Event "Live Chess"]
[Site "Chess.com"]
[Date "2023.05.20"]
[Round "-"]
[White "AttackingSnowLeopard"]
[Black "defenderalist"]
[Result "1-0"]
[WhiteElo "2067"]
[BlackElo "1619"]
[TimeControl "300"]
[EndTime "14:13:02 PDT"]
[Termination "AttackingSnowLeopard won by resignation"]

1. Nf3 b6 2. d4 Bb7 3. g3 g6 4.
Bg2 Bg7 5. O-O e6 6. c4 Ne7 7. Nc3 O-O 8. e4 c5 9. d5 exd5 10.
exd5 d6 11. Bf4 Nf5 12. Qd2 Na6 13. Rae1 Nb4 14. a3 Na6 15. g4 Nh4 16. Nxh4 Qxh4 17. Bxd6 Rfe8 18. h3 b5 19. Bg3 bxc4 20. Bxh4 1-0

[Event "Live Chess"]
[Site "Chess.com"]
[Date "2023.05.20"]
[Round "-"]
[White "Inglaterra"]
[Black "blunderabit"]
[Result "1-0"]
[WhiteElo "2039"]
[BlackElo "1840"]
[TimeControl "300"]
[EndTime "14:13:11 PDT"]
[Termination "Inglaterra won on time"]

1. e4 c5 2. Nf3 d6 3. c3 Nf6 4. Bd3 Nc6 5. O-O d5 6. e5 Nd7 7.
Re1 e6 8. Bc2 Qc7 9. d4 cxd4 10.
cxd4 Be7 11. Nc3 a6 12. a3 b5 13. Bg5 Bb7 14. Rc1 Qb6 15. h4 h6 16. Bxe7 Nxe7 17.
Bd3 Rc8 18. Qd2 Bc6 19. h5 a5 20. b4 axb4 21. axb4 O-O 22. Nh4 Kh8 23. Bb1 Rfd8 24. Kh1 Bb7 25. f4 Rc4 26. Nf3 Nf5 27. Bxf5 exf5 28.
Qd3 g6 29. e6 fxe6 30. hxg6 Rg8 31. Nh4 Rxd4 32. Qh3 Kg7 33. Rxe6 Qxe6 34. Nxf5+ Kf6 35. Nxd4 Qxh3+ 36. gxh3 Nb6 37. Ncxb5 Nc4 38. f5 Re8 39.
Kg2 Re4 40. Ra1 Ne3+ 41. Kf3 Nxf5 42. Nxf5 Kxf5 43. Nd6+ Kxg6 44. Nxe4 dxe4+ 45. Kf4 e3 46. Re1 Bc8 47. Rxe3 Kh5 48. b5 Bb7 49. b6 Kh4 50.
Re6 Kxh3 51. Rxh6+ 1-0

[Event "Live Chess"]
[Site "Chess.com"]
[Date "2023.05.20"]
[Round "-"]
[White "Olisingapore"]
[Black "ChessTWSS"]
[Result "1-0"]
[WhiteElo "1874"]
[BlackElo "1540"]
[TimeControl "300"]
[EndTime "14:13:35 PDT"]
[Termination "Olisingapore won on time"]

1. d4 d5 2. c4 e6 3. Nf3 Nf6 4. g3 Be7 5. Bg2 dxc4 6. O-O Nc6 7. Qc2 Nxd4 8. Nxd4 Qxd4 9. Rd1 Qe5 10. Qxc4 O-O 11. Bf4 Qxb2 12. Nc3 Bd7 13. Qxc7 Rac8 14. Rab1 Qxc3 15.
Qxc3 Rxc3 16. Be5 Ra3 17. Rxb7 Rxa2 18. Bxf6 Bxf6 19. Rdxd7 Ra1+ 20. Bf1 Rd8 21. Rxa7 Rxd7 22. Rxd7 h5 23. Kg2 g5 24. e4 g4 25. Bd3 h4 26.
gxh4 Bxh4 27. f3 Ra2+ 28. Kh1 gxf3 29. Bf1 Ra1 30. Kg1 f2+ 31. Kg2 Re1 32. Rc7 Rxe4 33.
Rc4 Rxc4 34. Bxc4 Kg7 35. Kh3 Bg5 36. Kg4 Be3 37. h4 f5+ 38. Kf3 Bc5 39. Kg2 e5 40. h5 Kf6 41. Be2 f4 42. Kf3 e4+ 43. Kxe4 Kg5 44.
Kd3 Kh4 45. h6 Kg3 46. h7 Kg2 47. h8=Q f1=Q 48. Bxf1+ Kxf1 49. Qh1+ Kf2 50. Qh2+ Kf3 51. Qe2+ 1-0

[Event "Live Chess"]
[Site "Chess.com"]
[Date "2023.05.20"]
[Round "-"]
[White "Nazar_777"]
[Black "ACx04"]
[Result "1-0"]
[WhiteElo "1608"]
[BlackElo "415"]
[TimeControl "300"]
[EndTime "14:13:39 PDT"]
[Termination "Nazar_777 won by checkmate"]

1. e3 e5 2. h4 g5 3. hxg5 Qxg5 4. a3 Qf6 5. c4 d6 6. Nf3 c6 7. Nc3 Bf5 8. Be2 Ne7 9. b4 d5 10. cxd5 cxd5 11. Nxd5 Nxd5 12. Bc4 Ne7 13. Bb2 Qc6 14.
Qb3 Nd7 15. Bxf7+ Kd8 16. Nxe5 Nxe5 17. Bxe5 Nd5 18. Bxd5 Qd7 19. Bxh8 Bh6 20. Bf6+ Kc8 21. Rc1+ Kb8 22. Be5+ Qc7 23. Bxc7+ Kc8 24. Be5+ Kd8 25. Rxh6 Ke8 26. Bf7+ Kf8 27. Bg8 b5 28. Qf7# 1-0

[Event "Live Chess"]
[Site "Chess.com"]
[Date "2023.05.20"]
[Round "-"]
[White "raminguy"]
[Black "JoeyCage"]
[Result "0-1"]
[WhiteElo "1959"]
[BlackElo "2310"]
[TimeControl "300"]
[EndTime "14:13:45 PDT"]
[Termination "JoeyCage won on time"]

1. d4 g6 2. Nc3 Bg7 3. Bf4 d6 4. Qd2 Nf6 5. O-O-O O-O 6. Bh6 Bxh6 7. Qxh6 Ng4 8. Qf4 e5 9. dxe5 dxe5 10. Qf3 Qg5+ 11. e3 Nc6 12. h3 Nf6 13. Nge2 Bf5 14. g4 Be6 15. Bg2 Qh4 16. Ng3 Rad8 17. a3 Rxd1+ 18. Rxd1 Nxg4 19. hxg4 Bxg4 20. Qe4 Qg5 21. Rh1 Be6 22. Qh4 Qxh4 23. Rxh4 Nd8 24. Nge4 f6 25. Nc5 Bc8 26. Nd5 Rf7 27. Nb4 c6 28. Ne4 Be6 29. Rh1 Kg7 30. Rd1 Rd7 31. Rxd7+ Bxd7 32. Nc5 Bc8 33. Bf1 h5 34. Kd2 h4 35. Bg2 h3 36.
Bh1 f5 37. f3 Kf6 38. Ke2 b6 39. Ncd3 c5 40. Nd5+ Kf7 41. e4 fxe4 42. fxe4 Nc6 43. c3 Ba6 44. Ke3 g5 45. Nf2 Bc8 46. Kf3 Kg6 47.
Kg3 Be6 48. Nxh3 Na5 49. Nf2 Nc4 50. Ng4 Bxg4 51. Kxg4 Nxb2 52. Ne7+ Kf6 53. Nc6 Nc4 54. a4 a6 55. Nb8 b5 56. axb5 axb5 57. Bf3 b4 58.
cxb4 cxb4 59. Be2 Nd2 60. Bd3 b3 61. Nd7+ Ke6 62. Nc5+ Kd6 63. Na4 Kc6 64. Nb2 Kc5 65. Kxg5 Kd4 66. Kf5 Kc3 67. Kxe5 Kxb2 68. Kd4 Nf3+ 0-1

[Event "Live Chess"]
[Site "Chess.com"]
[Date "2023.05.20"]
[Round "-"]
[White "TheSmoulderingMaster"]
[Black "Delacorta"]
[Result "0-1"]
[WhiteElo "1701"]
[BlackElo "1430"]
[TimeControl "300"]
[EndTime "14:13:51 PDT"]
[Termination "Delacorta won by resignation"]

1. e4 e6 2. d4 d5 3. Nc3 dxe4 4. Nxe4 Bd7 5. Nf3 Bc6 6. Bd3 Bxe4 7. Bxe4 c6 8. O-O Nd7 9. c3 Ngf6 10.
Bd3 c5 11. Bg5 cxd4 12. Nxd4 Be7 13. Qe2 a6 14. Rfe1 O-O 15. Nxe6 fxe6 16. Qxe6+ Kh8 17.
Qxe7 Re8 18. Qxd7 Rxe1+ 19. Rxe1 Qxd7 0-1

[Event "Live Chess"]
[Site "Chess.com"]
[Date "2023.05.20"]
[Round "-"]
[White "siddu198"]
[Black "OmeetAtara"]
[Result "1-0"]
[WhiteElo "1635"]
[BlackElo "1787"]
[TimeControl "300"]
[EndTime "14:13:58 PDT"]
[Termination "siddu198 won by resignation"]

1. e4 d5 2. exd5 Qxd5 3. Nc3 Qa5 4. d4 c6 5. Bd2 Bf5 6. Ne4 Qc7 7. f3 e5 8. Bd3 Bxe4 9. Bxe4 Nf6 10. dxe5 Qxe5 11.
Bc3 Qe6 12. Qe2 Bc5 13. Bd3 Qxe2+ 14. Nxe2 Nbd7 15. Ng3 O-O 16. O-O-O Be3+ 17. Kb1 Nd5 18. Ne4 f5 19. Ng3 Nxc3+ 20. bxc3 g6 21. Rhe1 Bf2 22.
Re7 Nf6 23. Rxb7 Rab8 24. Rb3 Nd5 25. Bc4 Rxb3+ 26. cxb3 Rd8 27. Bxd5+ cxd5 28. Ne2 Kf7 29. Nd4 Rc8 30. Kc2 Kf6 31. g3 Ke5 32. Nb5 a6 33. Na3 d4 34. c4 Re8 35. Nb1 Kd6 36. Rd2 Be3 37. Re2 Kc5 38. Nd2 Rd8 39. Kd3 Kb4 40.
Nf1 Bf4 41. gxf4 1-0

[Event "Live Chess"]
[Site "Chess.com"]
[Date "2023.05.20"]
[Round "-"]
[White "GEMdzq"]
[Black "diana21strabt"]
[Result "1-0"]
[WhiteElo "2236"]
[BlackElo "1701"]
[TimeControl "300"]
[EndTime "14:13:58 PDT"]
[Termination "GEMdzq won by resignation"]

1. e4 d5 2. exd5 Qxd5 3. Nc3 Qa5 4. d4 Nf6 5. Bc4 Bg4 6. f3 Bf5 7. Ne2 Nc6 8. O-O O-O-O 9. Bxf7 e5 10. Bd2 exd4 11.
Ne4 Qb6 12. N2g3 Bxe4 13. Nxe4 Ne5 14. Bb3 d3+ 15. Kh1 dxc2 16. Qxc2 Nd5 17. Rac1 Nc6 18.
Bg5 Rd7 19. Rfd1 Ndb4 20. Qc4 Rxd1+ 21. Rxd1 h6 22. Qe6+ Kb8 23. Qe8+ 1-0

[Event "Live Chess"]
[Site "Chess.com"]
[Date "2023.05.20"]
[Round "-"]
[White "luckywookie"]
[Black "gregor1903"]
[Result "0-1"]
[WhiteElo "743"]
[BlackElo "1567"]
[TimeControl "300"]
[EndTime "14:14:00 PDT"]
[Termination "gregor1903 won on time"]

1. e4 c5 2. c3 Nf6 3. e5 Nd5 4. Nf3 Nc6 5. Bc4 Nb6 6. Bb3 d6 7. O-O Nxe5 8. Nxe5 dxe5 9. Re1 Qc7 10. a4 a5 11. Bc2 e6 12. Na3 Bd7 13. Bd3 Bd6 14. Nb5 Qb8 15. Qh5 g6 16. Qf3 Bc6 17. Be4 Bxe4 18.
Qxe4 f5 19. Qh4 Be7 20. Qh6 Bf8 21. Qg5 Nc4 22. d4 Qc8 23. dxe5 Be7 24. Nd6+ Nxd6 25. Qd2 Nc4 26. Qd3 Nb6 27. Bh6 Rg8 28. Rad1 Qc7 29. Qf3 Rd8 30. Rd3 Rxd3 31. Qxd3 Qd8 0-1

[Event "Live Chess"]
[Site "Chess.com"]
[Date "2023.05.20"]
[Round "-"]
[White "LL220284LL"]
[Black "jennybobby44"]
[Result "1-0"]
[WhiteElo "2377"]
[BlackElo "1846"]
[TimeControl "300"]
[EndTime "14:14:00 PDT"]
[Termination "LL220284LL won by resignation"]

1. e3 d5 2. b3 Nf6 3. Bb2 g6 4. Nf3 Bg7 5. Be2 O-O 6. O-O c5 7. d4 b6 8. Nbd2 Bb7 9. c4 e6 10. cxd5 exd5 11. Rc1 Nbd7 12. Re1 Ne4 13. Qc2 Rc8 14.
Qb1 h6 15. Qa1 Qf6 16. Rc2 Qe6 17. dxc5 Bxb2 18. Qxb2 bxc5 19. Nxe4 dxe4 20. Nd2 Ne5 21. Nc4 Nd3 22. Bxd3 exd3 23. Rd2 Qe4 24. f3 Qd5 25.
Red1 Qg5 26. e4 Rcd8 27. Rxd3 Rxd3 28. Rxd3 Rd8 29. Rxd8+ Qxd8 30. Qd2 Qf6 31. Kf2 g5 32. Qb2 Qf4 33. g3 Qc7 34. Qe5 Qc6 35. Nd6 Ba6 36. Qe8+ Qxe8 37. Nxe8 c4 38. bxc4 Bxc4 39. a3 Kf8 40. Nd6 Ba6 41. Ke3 Ke7 42. Nf5+ Kf6 43. Nxh6 Bc8 44. f4 gxf4+ 45. gxf4 Kg6 46. Ng8 Kg7 47. Ne7 Bd7 48. e5 f6 49. Ke4 fxe5 50.
Kxe5 Kf7 51. Nf5 Ba4 52. Nd6+ Ke7 53. f5 Bb3 54. f6+ Kf8 55. Nb5 a6 56. Nc7 Bc4 57. Ne6+ Kf7 58. Ng5+ Kf8 59. Ne4 Bb5 60. h4 Be2 61.
Nd6 Bd1 62. Kf5 Bc2+ 63. Kg5 Bd3 64. h5 Bc2 65. h6 Bd3 66. Kf4 Bc2 67. Ke3 Bb1 68.
Kd4 Bc2 69. Kc5 a5 70. Kb5 a4 71.
h7 Bxh7 72. Kxa4 Bd3 73. Ka5 Kg8 74. Kb6 Kh7 75. a4 Kg6 76. f7 Kg7 77. a5 Kf8 78. a6 1-0

[Event "Live Chess"]
[Site "Chess.com"]
[Date "2023.05.20"]
[Round "-"]
[White "Richardallis"]
[Black "Stanbad1"]
[Result "1-0"]
[WhiteElo "1885"]
[BlackElo "2393"]
[TimeControl "300"]
[EndTime "14:14:07 PDT"]
[Termination "Richardallis won by checkmate"]

1. d4 Nf6 2. Nf3 g6 3. Bf4 Bg7 4. Nbd2 O-O 5. c3 d5 6. e3 c5 7. Bd3 Nc6 8. O-O Re8 9. Re1 cxd4 10. exd4 Bf5 11. Bxf5 gxf5 12. Nf1 e6 13. Ng3 Ne4 14.
Qc1 Qb6 15. Nh5 Rac8 16. Nxg7 Kxg7 17. Bh6+ Kh8 18. Rxe4 fxe4 19. Qg5 Qd8 20. Qg7# 1-0

[Event "Live Chess"]
[Site "Chess.com"]
[Date "2023.05.20"]
[Round "-"]
[White "wot-not"]
[Black "MrBlond89"]
[Result "1-0"]
[WhiteElo "1528"]
[BlackElo "1404"]
[TimeControl "300"]
[EndTime "14:14:09 PDT"]
[Termination "wot-not won - game abandoned"]

1. e4 e5 2. f4 exf4 3. Nf3 Nc6 4. Bc4 Nge7 5. O-O d5 6. exd5 Nxd5 7. Nc3 Bc5+ 8. Kh1 Nxc3 9. bxc3 Bg4 10. d4 Bxd4 11.
cxd4 Nxd4 12. Qxd4 O-O 13. Qxd8 Raxd8 14. Ne5 Be6 15.
Bxe6 1-0

[Event "Live Chess"]
[Site "Chess.com"]
[Date "2023.05.20"]
[Round "-"]
[White "WelshTiger"]
[Black "omisoc"]
[Result "1-0"]
[WhiteElo "2384"]
[BlackElo "2139"]
[TimeControl "300"]
[EndTime "14:14:22 PDT"]
[Termination "WelshTiger won by resignation"]

1. e4 b6 2. a3 Bb7 3. Nc3 g6 4. h4 Nf6 5. e5 Nh5 6. d4 d6 7.
Be2 dxe5 8. Bxh5 gxh5 9. d5 c6 10. Qxh5 cxd5 11. Qxe5 Rg8 12. Nf3 Bg7 13. Qf5 h6 14.
Bf4 Bxc3+ 15. bxc3 Qc8 16. Qxc8+ Bxc8 17. g3 h5 18. O-O-O Bb7 19. Rhe1 Nd7 20. Nd4 e6 21.
Nf5 Bc6 22. Bg5 a5 23. Nd6+ Kf8 24. f4 f6 25. Bh6+ Ke7 26. Nf5+ Kf7 27. Nd4 Bb7 28. Rxe6 Kg6 29. Bg5 Rge8 30. f5+ Kf7 31. Bf4 Nc5 32. Rxb6 Rac8 33. Bd6 1-0

[Event "Live Chess"]
[Site "Chess.com"]
[Date "2023.05.20"]
[Round "-"]
[White "Bob2pen"]
[Black "nigelst"]
[Result "0-1"]
[WhiteElo "1822"]
[BlackElo "1820"]
[TimeControl "300"]
[EndTime "14:14:22 PDT"]
[Termination "nigelst won by resignation"]

1. c4 e5 2. g3 Nf6 3. Bg2 d5 4.
cxd5 Nxd5 5. Nc3 Nb6 6. Nf3 Nc6 7. O-O Be7 8. a3 O-O 9. b4 a6 10. Bb2 Be6 11. Rc1 f6 12. Ne4 Bd5 13. Nc5 Bxc5 14.
Rxc5 Na4 15. Qxa4 e4 16. Nd4 Nxd4 17. Bxd4 Bc6 18. Rxc6 bxc6 19. Bc5 Re8 20. Qxc6 Qxd2 21.
e3 Qa2 22. Bxe4 Rad8 23. Bf3 Qxa3 24. Qxc7 Rc8 25. Bd5+ Kh8 26. Qf7 Qd3 27. Bc4 Qe4 28.
Qd5 Qg4 29. Qg2 Qxc4 30. h4 a5 31. Rb1 axb4 32. Bxb4 Rb8 0-1

[Event "Live Chess"]
[Site "Chess.com"]
[Date "2023.05.20"]
[Round "-"]
[White "Brooms1989"]
[Black "manthanit"]
[Result "1-0"]
[WhiteElo "1039"]
[BlackElo "1009"]
[TimeControl "300"]
[EndTime "14:14:30 PDT"]
[Termination "Brooms1989 won by checkmate"]

1. e4 e6 2. d4 d5 3. Nc3 c5 4. dxc5 Bxc5 5. Nf3 a6 6. exd5 exd5 7. Qxd5 Qxd5 8. Nxd5 Bb4+ 9. Nxb4 Nf6 10. Bg5 Nbd7 11. Bxf6 Nxf6 12. O-O-O Bf5 13. Bd3 Bxd3 14. Rxd3 O-O 15.
Rhd1 Rfe8 16. Re1 Ne4 17. Rde3 a5 18. Rxe4 Rxe4 19. Rxe4 axb4 20. Rxb4 f6 21. Rxb7 Rxa2 22. Kd2 Kf8 23. c4 g5 24. Kc3 h5 25. Rd7 Ke8 26.
Rd2 Ke7 27. c5 Ra8 28. c6 Rc8 29. Nd4 Kd6 30. Rc2 Ke5 31. Kd3 Rd8 32. Rc4 Rb8 33. c7 Rxb2 34. c8=Q Rb1 35. Qe6+ Kf4 36. Qf5# 1-0

[Event "Live Chess"]
[Site "Chess.com"]
[Date "2023.05.20"]
[Round "-"]
[White "weibs440"]
[Black "whitedjohn"]
[Result "1-0"]
[WhiteElo "943"]
[BlackElo "1648"]
[TimeControl "300"]
[EndTime "14:14:43 PDT"]
[Termination "weibs440 won by checkmate"]

1. e4 Nf6 2. Nc3 d5 3. e5 Nfd7 4. d4 e6 5. f4 c5 6. Nf3 Nc6 7. Ne2 Qb6 8. a3 cxd4 9. Nexd4 Bc5 10. c3 Nxd4 11. cxd4 Be7 12. Bd3 O-O 13. O-O Qc6 14. Kh1 a6 15. b4 b5 16. Qe1 Nb6 17. f5 Nc4 18. fxe6 Bxe6 19. Qg3 Kh8 20. Ng5 Bxg5 21. Qxg5 Qb6 22. Qh4 g6 23. Qf6+ Kg8 24. Bh6 Qd8 25. Qg7# 1-0

[Event "Live Chess"]
[Site "Chess.com"]
[Date "2023.05.20"]
[Round "-"]
[White "JoeRoot66"]
[Black "DRS44"]
[Result "1-0"]
[WhiteElo "1910"]
[BlackElo "1389"]
[TimeControl "300"]
[EndTime "14:14:48 PDT"]
[Termination "JoeRoot66 won by checkmate"]

1. Nf3 d5 2. d4 c5 3. e3 Nc6 4.
Bb5 Bd7 5. O-O Nf6 6. b3 g6 7.
Bb2 Bg7 8. c4 Nxd4 9. Bxd7+ Qxd7 10. exd4 Nh5 11. Ne5 Qf5 12. g4 Qg5 13. Bc1 Nf4 14.
Qf3 f6 15. Bxf4 Qh4 16. Nd3 g5 17. Bg3 Qh6 18. Nxc5 Rg8 19. Qxd5 Rf8 20. Ne6 Rf7 21. Nc7+ Kf8 22. Nxa8 Qh3 23. Qd8# 1-0

[Event "Live Chess"]
[Site "Chess.com"]
[Date "2023.05.20"]
[Round "-"]
[White "Tushinskiy"]
[Black "Shepherds_Pie"]
[Result "1-0"]
[WhiteElo "2146"]
[BlackElo "1930"]
[TimeControl "300"]
[EndTime "14:15:06 PDT"]
[Termination "Tushinskiy won by resignation"]

1. d4 d5 2. c3 Nf6 3. Nf3 g6 4.
Bf4 Bg7 5. Bg3 O-O 6. Nbd2 c5 7. e3 Nc6 8. Bd3 Re8 9. Ne5 Nh5 10. f4 Nxg3 11. hxg3 Nxe5 12. fxe5 h5 13. Qf3 Bg4 14.
Qf2 e6 15. Nf3 cxd4 16. exd4 a6 17. O-O b5 18. Nh2 Bf5 19. Be2 Qg5 20. Qf4 Qxf4 21.
gxf4 Be4 22. Kf2 Bh6 23. g3 Rac8 24. Bf3 Bxf3 25. Kxf3 Kg7 26. Rfc1 Rc7 27. Rc2 Kh7 28. Rac1 Bg7 29. Nf1 f6 30. exf6 Bxf6 31. Ne3 Kg7 32. g4 hxg4+ 33. Nxg4 Kf7 34. Rh2 Rh8 35. Rxh8 Bxh8 36.
Rh1 Bg7 37. Ke3 a5 38. Kd3 b4 39. Rh7 Kg8 40. Rh2 a4 41. Ne3 a3 42. cxb4 axb2 43.
Rxb2 Bh6 44. Ng2 Rc4 45. Ne3 Rc1 46. b5 Bxf4 47. b6 Bb8 48. b7 Rc7 49. a4 Kf7 50. a5 Rc6 51. Ng4 Ke7 52. Ne5 Ra6 53. Rb5 Kd6 54. Kc3 g5 55. Kb4 Kc7 56. Kc5 Ba7+ 57. Kb4 Kb8 58. Nd7+ 1-0

[Event "Live Chess"]
[Site "Chess.com"]
[Date "2023.05.20"]
[Round "-"]
[White "AzizChess2019"]
[Black "DmitryVasliev"]
[Result "1-0"]
[WhiteElo "1730"]
[BlackElo "1677"]
[TimeControl "300"]
[EndTime "14:15:12 PDT"]
[Termination "AzizChess2019 won on time"]

1. e4 d6 2. d4 c6 3. Bd3 g6 4. Nf3 Bg7 5. c3 Nd7 6. O-O h6 7. Re1 e5 8. dxe5 dxe5 9. Qb3 Qe7 10. Be3 b6 11. Nbd2 Ngf6 12. Rad1 Ng4 13. h3 Nxe3 14. Rxe3 Nc5 15. Qc2 Nxd3 16. Qxd3 O-O 17. Nc4 Be6 18. b3 Rfd8 19. Qe2 Rxd1+ 20. Qxd1 Bxc4 21. bxc4 Qe6 22. Qd3 Bf8 23. Re2 Be7 24. Nd2 Kg7 25. Qc2 Rd8 26. Re3 Qd7 27. Re2 Qd3 28. Nf3 f6 29. Kh2 Qxc4 30. Rd2 Qg8 31. Rd3 Rxd3 32. Qxd3 Qd8 33.
Qc4 Qd7 34. a4 b5 35. axb5 cxb5 36. Qa2 Bc5 37. Kg3 g5 38. h4 g4 39. Nd2 h5 40.
Nb3 Bb6 41. Qc2 Kg6 42. Qe2 Qe6 43. Nd2 a6 44. Kh2 Qa2 45. Qd3 Bxf2 46. c4 1-0

[Event "Live Chess"]
[Site "Chess.com"]
[Date "2023.05.20"]
[Round "-"]
[White "ProfPoisson"]
[Black "Goblinbasher"]
[Result "0-1"]
[WhiteElo "1128"]
[BlackElo "1240"]
[TimeControl "300"]
[EndTime "14:15:17 PDT"]
[Termination "Goblinbasher won by resignation"]

1. e4 c5 2. Nf3 e6 3. c3 d5 4. Bb5+ Nc6 5. exd5 exd5 6. O-O Be7 7. Ne5 Bd7 8. Qf3 Nf6 9. Nxd7 Qxd7 10. d4 cxd4 11. cxd4 O-O 12. Nc3 Nxd4 13. Qg3 Nxb5 14. Nxb5 Qxb5 15.
Bh6 g6 16. Bxf8 Bxf8 17. h4 Nh5 18.
Qg5 Bg7 19. Rfe1 Qc6 20. Rac1 Qd6 21. Re7 Bf6 0-1

[Event "Live Chess"]
[Site "Chess.com"]
[Date "2023.05.20"]
[Round "-"]
[White "GMHarry-youtube"]
[Black "BostonStrangler"]
[Result "0-1"]
[WhiteElo "2051"]
[BlackElo "2070"]
[TimeControl "300"]
[EndTime "14:15:48 PDT"]
[Termination "BostonStrangler won by checkmate"]

1. e4 c5 2. Nf3 g6 3. c3 Nc6 4. d4 cxd4 5. cxd4 d5 6. e5 Bg4 7. Be2 e6 8. Ng1 Bxe2 9. Nxe2 Nge7 10. Bg5 Qb6 11. Qd2 Nf5 12. Be3 Rc8 13. Nbc3 a6 14. g4 Nxe3 15. fxe3 Bh6 16. h4 Nxe5 17. dxe5 Bxe3 18.
Qd3 Bf2+ 19. Kf1 Rc4 20. b3 Rxg4 21. Qf3 Bxh4 22. Na4 Qb4 23. Nac3 h5 24. Rc1 O-O 25. Rg1 f6 26. Rxg4 hxg4 27. Qd3 fxe5+ 28. Kg2 Rf2+ 29.
Kg1 e4 30. Qe3 Qd6 31. Nf4 Rxf4 32. Ne2 Bf2+ 33. Qxf2 Rxf2 34. Kxf2 Qh2+ 35. Ke3 Qh3+ 36. Kd2 Qd3+ 37. Ke1 e3 38. Rc8+ Kg7 39. Rc7+ Kh6 40.
Rc1 Qe4 41. Ng3 Qg2 42. Nf1 Qf2+ 43. Kd1 e2+ 44. Kc2 exf1=Q+ 45. Kb1 Qxc1+ 46. Kxc1 g3 47. b4 g2 48. b5 g1=Q# 0-1

[Event "Live Chess"]
[Site "Chess.com"]
[Date "2023.05.20"]
[Round "-"]
[White "defenderalist"]
[Black "bristolunichess"]
[Result "0-1"]
[WhiteElo "1615"]
[BlackElo "1822"]
[TimeControl "300"]
[EndTime "14:15:49 PDT"]
[Termination "bristolunichess won by resignation"]

1. e4 e5 2. f4 d5 3. exd5 e4 4. Nc3 Nf6 5. Bb5+ c6 6. dxc6 Nxc6 7. Nge2 Bc5 8. d4 exd3 9. Bxc6+ bxc6 10. Qxd3 Qb6 11.
Ne4 Qb4+ 12. c3 Qxe4 0-1

[Event "Live Chess"]
[Site "Chess.com"]
[Date "2023.05.20"]
[Round "-"]
[White "SavagePawn7"]
[Black "BillW-GrangerIN"]
[Result "0-1"]
[WhiteElo "780"]
[BlackElo "369"]
[TimeControl "300"]
[EndTime "14:15:51 PDT"]
[Termination "BillW-GrangerIN won on time"]

1. e4 e6 2. d4 d5 3. c4 c5 4. exd5 exd5 5. dxc5 Nc6 6. cxd5 Nb4 7.
Nc3 Bxc5 8. Bb5+ Bd7 9. Bxd7+ Qxd7 10. Be3 Rc8 11. Nf3 Nf6 12. O-O O-O 13. Ne5 Qd6 14. Qd2 Nbxd5 15. Nxd5 Nxd5 16. Bxc5 Qxc5 17. Rac1 Qb5 18. Rfd1 Rfe8 19. Rxc8 Rxc8 20. Rc1 Re8 21. Qg5 Qc5 22. Qg4 Nf6 23. Rxc5 Rxe5 24. Qc8+ Ne8 25.
Rxe5 h6 26. Rxe8+ Kh7 27. Rh8+ Kg6 0-1

[Event "Live Chess"]
[Site "Chess.com"]
[Date "2023.05.20"]
[Round "-"]
[White "OSmith06"]
[Black "Greenbecker"]
[Result "1-0"]
[WhiteElo "1658"]
[BlackElo "1645"]
[TimeControl "300"]
[EndTime "14:15:51 PDT"]
[Termination "OSmith06 won by resignation"]

1. e4 e6 2. d4 d5 3. Nd2 dxe4 4.
Nxe4 Bd7 5. Nf3 Bc6 6. Bd3 Nd7 7. O-O Ngf6 8. Nxf6+ Nxf6 9. Re1 Bxf3 10. gxf3 c6 11.
Be4 Bd6 12. c3 Bc7 13. Bg5 Qd6 14. f4 h6 15. Bxf6 gxf6 16. Qf3 Rg8+ 17. Kf1 Qxf4 18.
Bxc6+ bxc6 19. Qxc6+ Ke7 20. d5 Bb6 21. Qb7+ Bc7 22.
dxe6 Qc4+ 23. Re2 fxe6 24. b3 Qf4 25. Rae1 e5 26. Qxc7+ Ke6 27. Qc6+ Kf7 28. Qd7+ Kg6 29. Re3 f5 30. Qe6+ Kh7 31. Qxe5 Qg4 32. Rg3 Qh4 33. Qxf5+ Kh8 34. Qe5+ Kh7 35. Qe7+ Qxe7 36. Rxe7+ Kh8 37. Rxg8+ Rxg8 38. Rxa7 Rc8 39. c4 Rc6 40. a4 Rb6 41. c5 Rxb3 42. c6 Rc3 43. c7 Kg8 44. Ra8+ Kf7 45.
c8=Q Rxc8 46. Rxc8 1-0

[Event "Live Chess"]
[Site "Chess.com"]
[Date "2023.05.20"]
[Round "-"]
[White "MarkLim1"]
[Black "NatashaRegan"]
[Result "1-0"]
[WhiteElo "1665"]
[BlackElo "1744"]
[TimeControl "300"]
[EndTime "14:15:58 PDT"]
[Termination "MarkLim1 won on time"]

1. d4 c5 2. d5 e6 3. Nc3 Nf6 4. e4 d6 5. Nf3 a6 6. a4 Be7 7.
Be2 O-O 8. O-O exd5 9. exd5 Bg4 10. Nd2 Bf5 11. Nc4 Nbd7 12. a5 Rb8 13. b3 b5 14.
axb6 Nxb6 15. Nxb6 Rxb6 16. Rxa6 Rxa6 17. Bxa6 Qa5 18.
Bd3 Bg4 19. Qd2 h6 20. Ne4 Qxd2 21. Bxd2 Nxd5 22. f3 Be6 23. Ra1 Rc8 24. Ra6 Rd8 25. Ba5 Rd7 26. c4 Nf4 27. Bc2 d5 28. cxd5 Bxd5 29. Nc3 Bb7 30. Ra7 Bf6 31. Ne4 Bd4+ 32. Kf1 Bxe4 33. Rxd7 Bxc2 34. b4 Bd3+ 35. Ke1 Bc3+ 36. Kd1 cxb4 37. Rd8+ Kh7 38. Rb8 Nxg2 39. Bxb4 Ne3+ 40. Kc1 Bxb4 41. Rxb4 Bf5 42. Kd2 Nd5 43. Rd4 Be6 44. Ke1 Kg6 45. Kf2 Kf5 46. Ra4 g5 47. Ra8 f6 48. Rh8 Kg6 49. Re8 Bd7 50. Rd8 Nb6 51. Rb8 Nd5 52. Rb7 Be6 53. Rb5 Nf4 54.
Rb8 Nh3+ 55. Ke1 Kf5 56. Rb5+ 1-0